 Dungeon Crawl Stone Soup version 0.18.1-48-g4cf74bf (webtiles) character file.

457 Lennu the Chiller (level 7, -5/51 HPs)
             Began as a Merfolk Ice Elementalist on July 6, 2016.
             Was an Initiate of Yredelemnul.
             Incinerated by a smoke demon (6 damage)
             ... with a sticky flame
             ... on level 1 of the Abyss.
             The game lasted 00:15:27 (4712 turns).

Lennu the Chiller (Merfolk Ice Elementalist)        Turns: 4712, Time: 00:15:27

Health: -5/51      AC:  3    Str:  9    XL:     7   Next: 6%
Magic:  12/12      EV: 13    Int: 14    God:    Yredelemnul [......]
Gold:   114        SH:  4    Dex: 16    Spells: 2 memorised, 8 levels left

rFire  . . .     SeeInvis .     g - +0 hunting sling (flame)
rCold  + . .     Gourm    .     q - +0 leather armour
rNeg   . . .     Faith    .     (no shield)
rPois  .         Spirit   .     (no helmet)
rElec  .         Dismiss  .     (no cloak)
rCorr  .         Reflect  +     (no gloves)
SustAt .         Harm     .     (no boots)
MR     .....                    t - +4 amulet of reflection
Stlth  +.........               (no ring)
                                p - ring of protection from cold

@: liquid flames, glowing, not resistant to hostile enchantments, very
unstealthy
A: change form in water, swift swim
a: Renounce Religion


You were on level 1 of the Abyss.
You worshipped Yredelemnul.
Yredelemnul was noncommittal.
You were not hungry.

You visited 1 branch of the dungeon, and saw 4 of its levels.
You visited the Abyss 1 time.

You collected 114 gold pieces.

Inventory:

Hand Weapons
 g - a +0 hunting sling of flaming (weapon)
 n - a +0 hand axe
Missiles
 h - 81 stones (quivered)
Armour
 d - a +0 ring mail
 q - a +0 leather armour (worn)
Jewellery
 p - a ring of protection from cold (left hand)
 t - a +4 amulet of reflection (around neck)
Scrolls
 i - 3 scrolls of identify {unknown}
 k - 4 scrolls of remove curse {unknown}
 m - a scroll of enchant armour {unknown}
 s - a scroll of recharging {unknown}
Potions
 a - a potion of experience {unknown}
 e - a potion of magic {unknown}
 f - a potion of agility {unknown}
 l - a potion of might {unknown}
 o - a potion of degeneration {unknown}
 v - a potion of resistance {unknown}
 x - 2 potions of curing {unknown}
 z - 2 potions of cancellation {unknown}
Books
 b - a book of Frost

   Spells                             Type                      Level
   a - Freeze                         Ice                          1
   b - Throw Frost                    Conjuration/Ice              2
   c - Ozocubu's Armour               Charms/Ice                   3
   d - Throw Icicle                   Conjuration/Ice              4
   e - Summon Ice Beast               Ice/Summoning                4
Comestibles
 c - 3 bread rations
 j - 3 meat rations
 r - a beef jerky
 w - 2 chunks of flesh


   Skills:
 * Level 2.4 Fighting
 - Level 0.5 Slings
 * Level 1.5 Armour
 * Level 4.2 Dodging
 + Level 2.5 Stealth
 + Level 3.4 Spellcasting
   Level 0.7 Conjurations
 + Level 0.2 Charms
 * Level 5.6 Ice Magic


You had 8 spell levels left.
You knew the following spells:

 Your Spells              Type           Power        Failure   Level  Hunger
a - Freeze                Ice            ###.         2%          1    #......
b - Ozocubu's Armour      Chrm/Ice       ##......     28%         3    ###....


Dungeon Overview and Level Annotations

Branches:
Dungeon (4/15)
 Temple: D:4-7

Altars:
Pakellas
Yredelemnul


Message History

There are no items here.
The smoke demon gestures at you. Something smites you!
The white imp gestures at you. The puff of frost hits you! You resist.
The smoke demon gestures at you. Something smites you!
The smoke demon gestures at you. The sticky flame hits you!
You are covered in liquid flames!
* * * LOW HITPOINT WARNING * * *
A small abomination comes into view.
You are covered in liquid flames!
* * * LOW HITPOINT WARNING * * *
Found 26 stones.
You are covered in liquid flames!
* * * LOW HITPOINT WARNING * * *
You are covered in liquid flames!
You die...
Your body rises from the dead as a mindless zombie.

## .##.#. ..#..#
## ...#.#.#
##.#...# #..x#..#
#.(.@# #####.#.#
.5.##.####
#.##3.#...#
#5##..##....# .
#..#...#.........
#....#............
###..#.#3#........
.# ..##∩.....##.


You could see a small abomination.

Vanquished Creatures
  An ogre (D:3)
  A howler monkey (D:4)
  A gnoll shaman (D:4)
  Ijyb (D:3)
  Terence (D:2)
  3 iguanas (D:4)
  A worker ant (D:4)
  3 gnolls (D:4)
  6 adders
  2 worms
  A dart slug (D:2)
  2 giant geckos (D:4)
  2 orcs (D:3)
  9 bats
  3 giant cockroaches
  8 goblins
  6 hobgoblins
  2 jackals (D:4)
  2 quokkas
  4 ball pythons
  A giant gecko skeleton (D:4)
  3 giant newts
  4 kobolds
  3 rats
70 creatures vanquished.

Notes
Turn   | Place    | Note
--------------------------------------------------------------
     0 | D:1      | Lennu the Merfolk Ice Elementalist began the quest for the Orb.
     0 | D:1      | Reached XP level 1. HP: 13/13 MP: 3/3
   521 | D:1      | Reached XP level 2. HP: 19/19 MP: 5/5
  1139 | D:1      | Reached XP level 3. HP: 20/24 MP: 1/6
  2077 | D:2      | Found an oddly glowing altar of Pakellas.
  2154 | D:2      | Noticed Terence
  2190 | D:2      | Reached skill level 4 in Ice Magic
  2210 | D:2      | Learned a level 3 spell: Ozocubu's Armour
  2571 | D:2      | Killed Terence
  2571 | D:2      | Reached XP level 4. HP: 20/31 MP: 1/8
  2853 | D:2      | Reached skill level 1 in Fighting
  3468 | D:3      | Found a basalt altar of Yredelemnul.
  3480 | D:3      | Became a worshipper of Yredelemnul the Dark
  3611 | D:3      | Reached XP level 5. HP: 37/37 MP: 9/9
  3685 | D:3      | Noticed Ijyb
  3695 | D:3      | Killed Ijyb
  3695 | D:3      | Reached skill level 1 in Armour
  4164 | D:4      | Noticed an ogre
  4170 | D:4      | Reached XP level 6. HP: 43/44 MP: 6/10
  4189 | D:3      | Reached skill level 5 in Ice Magic
  4618 | D:4      | Reached XP level 7. HP: 51/51 MP: 1/12
  4624 | D:4      | Cast into level 1 of the Abyss (gnoll)
  4690 | Abyss:1  | Noticed a smoke demon
  4693 | Abyss:1  | Found a corrupted altar of Lugonu.
  4711 | Abyss:1  | HP: 1/51 [burnt (5)]
  4712 | Abyss:1  | Incinerated by a smoke demon

Skill      XL: |  1  2  3  4  5  6 |
---------------+-------------------+-----
Dodging        | 3 4 |  4.2
Ice Magic      | 4 5 |  5.6
Fighting       | 1 2 |  2.4
Armour         | 1 |  1.5
Spellcasting   | 3 |  3.4
Slings         | |  0.5
Stealth        | |  2.5
Conjurations   | |  0.7
Charms         | |  0.2

Action                   |  1- 3 |  4- 6 |  7- 9 || total
-------------------------+-------+-------+-------++-------
Melee: Club              |     7 |       |       ||     7
       Hand axe          |     9 |       |       ||     9
 Fire: Hunting sling     |    40 |    90 |     6 ||   136
 Cast: Freeze            |    30 |    37 |     1 ||    68
       Ozocubu's Armour  |       |     2 |       ||     2
 Stab: Sleeping          |     5 |       |       ||     5
  Eat: Chunk             |     1 |     4 |       ||     5
       Bread ration      |     1 |     1 |       ||     2
Armor: Robe              |     6 |       |       ||     6
       Leather armour    |     2 |     4 |     5 ||    11
Dodge: Dodged            |    19 |    29 |     7 ||    55
Block: Other             |       |     3 |     4 ||     7
